 Dungeon Crawl Stone Soup version 0.30-a0-371-gad7725a93e (webtiles) character file.

Game seed: 1118835693582139647

7569 NinjaNoafa the Severer (level 10, 0/87 (88) HPs)
             Began as a Minotaur Fighter on Nov 22, 2022.
             Was an Initiate of Gozag.
             Slain by a black bear (2 damage)
             ... on level 11 of the Dungeon.
             The game lasted 00:17:51 (8073 turns).

NinjaNoafa the Severer (Minotaur Fighter)           Turns: 8073, Time: 00:17:52

HP:   0/87 (88)     AC: 16    Str: 25    XL:     10   Next: 97%
MP:   18/18         EV: 10    Int:  5    God:    Gozag
Gold: 997           SH:  5    Dex: 10    Spells: 9/9 levels left

rFire   . . .      SeeInvis .    a - +1 war axe
rCold   . . .      Faith    .    c - +0 buckler
rNeg    . . .      Spirit   .    P - +4 swamp dragon scales
rPois   +          Reflect  .    (helmet restricted)
rElec   .          Harm     .    G - +0 cloak
rCorr   +          Rampage  .    (no gloves)
Will    .....                    j - +0 pair of boots
Stlth   ..........               l - amulet of regeneration
HPRegen 1.14/turn                N - ring of resist corrosion
MPRegen 0.16/turn                w - ring of magical power

@: lethally poisoned (0 -> -1), hasted, lightly drained, very quick
A: horns 2, retaliatory headbutt
a: Renounce Religion, Potion Petition, Call Merchant, Bribe Branch


You were on level 11 of the Dungeon.
You worshipped Gozag.
Gozag was pleased with you.
You visited 2 branches of the dungeon, and saw 12 of its levels.

You collected 1477 gold pieces.
You spent 419 gold pieces at shops.
You paid 61 gold pieces to Gozag.

Inventory:

Hand Weapons
 a - a +1 war axe (weapon)
Missiles
 b - a curare-tipped dart
 f - 2 throwing nets
 g - 74 stones
 h - 20 poisoned darts
 I - 11 boomerangs (quivered)
Armour
 c - a +0 buckler (worn)
 j - a +0 pair of boots (worn)
 G - a +0 cloak (worn)
 P - +4 swamp dragon scales (worn)
Jewellery
 l - an amulet of regeneration (around neck)
 v - a +6 ring of intelligence
 w - a ring of magical power (right hand)
 y - a ring of fire
 N - a ring of resist corrosion (left hand)
Wands
 o - a wand of digging (2)
 r - a wand of flame (32)
 C - a wand of acid (11)
 J - a wand of mindburst (24)
Scrolls
 e - 2 scrolls of noise
 k - 2 scrolls of teleportation
 n - 2 scrolls of poison
 p - a scroll of identify
 s - 3 scrolls of immolation
 u - a scroll of brand weapon
 A - a scroll of silence
 D - a scroll of magic mapping
 H - a scroll of torment
 K - a scroll of fog
 M - a scroll of fear
Potions
 d - a potion of might
 i - a potion of flight
 m - 3 potions of mutation
 q - 2 potions of haste
 t - 2 potions of resistance
 x - a potion of degeneration
 z - 2 potions of attraction
 B - a potion of curing
 E - a potion of lignification
 L - a potion of heal wounds
 O - a potion of brilliance


   Skills:
 - Level 8.0 Fighting
 - Level 16.0 Axes
 + Level 0.0 Throwing
 - Level 8.0 Armour
 + Level 7.9 Shields
 + Level 0.0 Evocations


You had 9 spell levels left.
You didn't know any spells.
Your spell library contained the following spells:

 Spells                   Type           Power      Damage    Failure   Level
 Magic Dart               Conj           0%         1d3       67%         1
 Call Imp                 Summ           0%         N/A       82%         2
 Cigotuvi's Dreadful Rot  Necr/Pois/Air  0%         N/A       82%         2
 Ensorcelled Hibernation  Hex/Ice        0%         N/A       82%         2
 Passwall                 Tmut/Erth      0%         N/A       82%         2
 Poisonous Vapours        Pois/Air       0%         N/A       82%         2
 Mephitic Cloud           Conj/Pois/Air  0%         N/A       96%         3
 Swiftness                Air            0%         N/A       96%         3


Dungeon Overview and Level Annotations

Branches:
Dungeon (11/15)            Temple (1/1) D:5             Orc (0/2) D:10
   Lair: D:8-11

Altars:
Ashenzari
Cheibriados
Dithmenos
Elyvilon
Fedhas
Gozag
Hepliaklqana
Kikubaaqudgha
Makhleb
Nemelex Xobeh
Okawaru
Qazlal
Ru
Sif Muna
Trog
Uskayaw
Vehumet
Wu Jian
Xom
Yredelemnul
Zin
The Shining One
Jiyva

Shops:
D:2 *   D:6 ?

Annotations:
D:9 2 transporters
D:11 Sonja


Innate Abilities, Weirdness & Mutations

You have a pair of horns on your head.
You reflexively headbutt those who attack you in melee.


Message History

The orc warrior hits you from afar with a +0 halberd of venom.
The two-headed ogre hits you with a +0 dire flail!!
The two-headed ogre hits you with a +0 giant spiked club!!
The black bear bites you but does no damage.
The black bear claws you but does no damage. x2
The orc warrior hits you from afar with a +0 halberd of venom.
The basilisk bites you.
You turn to flesh and can move again.
As you read the scroll labelled TANIXURENI, it crumbles to dust.
It is a scroll of enchant weapon.
Your +0 war axe glows red for a moment.
Sonja casts a spell.
Sonja blinks!
The basilisk closely misses you.
The two-headed ogre hits you with a +0 dire flail!
The two-headed ogre barely misses you.
The orc warrior hits you from afar with a +0 halberd of venom.
* * * LOW HITPOINT WARNING * * *
You are poisoned.
The black bear closely misses you. You block the black bear's attack.
The black bear claws you but does no damage.
You feel very sick. The basilisk bites you!
* * * LOW HITPOINT WARNING * * *
The black bear bites you!
* * * LOW HITPOINT WARNING * * *
The black bear claws you.
* * * LOW HITPOINT WARNING * * *
The black bear completely misses you.
You feel much better.
You feel sick.
The black bear bites you but does no damage.
The black bear claws you but does no damage. x2
The basilisk barely misses you.
You feel yourself speed up.
You feel sick.
The two-headed ogre hits you with a +0 dire flail!
* * * LOW HITPOINT WARNING * * *
The two-headed ogre hits you with a +0 giant spiked club!
* * * LOW HITPOINT WARNING * * *
The black bear bites you.
You die...
Your body crumbles into a pile of gold.

#....#####
#<.......###
##..####^....
#..##......
.####.....##..
#..........#..
##.........#.# #
#.........#.#.##
.:..#...##@hY...###
###...#.##Ol.......
##....##o#o......
.....?..o#K......
.#.....##........
#.##.. ........ ##
#....... #.....#
.Y....


You could see an elephant, a two-headed ogre, a basilisk, Sonja, an orc warrior,
a black bear and 2 orcs.

Vanquished Creatures
  Pikel (D:6)
  A cyclops (D:7)
  An ugly thing (D:9)
  Joseph (D:7)
  Maggie (D:10)
  A kobold demonologist (D:6)
  5 trolls
  A slime creature (D:7)
  A vampire (D:10)
  A wyvern (D:7)
  3 wraiths
  3 orc warriors
  A sky beast (D:7)
  An ice beast (D:6)
  A black bear (D:3)
  3 centaurs
  2 ogres
  4 lemures
  2 phantoms
  4 kobold brigands
  3 bullfrogs
  3 necrophages
  A gnoll sergeant (D:9)
  7 wights
  A vampire bat (D:3)
  2 howler monkeys (D:8)
  10 orc priests
  A hound (D:6)
  2 jellies
  Crazy Yiuf (D:7)
  A gnoll bouda (D:8)
  4 iguanas
  11 orc wizards
  Robin (D:3)
  3 adders
  8 gnolls
  2 white imps
  3 ufetubi
  2 worms
  A dart slug (D:1)
  3 fire bats (D:3)
  42 orcs
  2 spectral bats (D:3)
  7 ball pythons
  3 bat skeletons (D:3)
  A bat zombie (D:3)
  11 endoplasms
  2 giant cockroaches
  19 goblins
  11 hobgoblins
  3 jackals (D:3)
  2 quokkas
  16 bats
  A bat simulacrum (D:3)
  3 frilled lizards
  16 kobolds
  7 rats
254 creatures vanquished.

Notes
Turn   | Place    | Note
-------+----------+-------------------------------------------
     0 | D:1      | NinjaNoafa the Minotaur Fighter began the quest for the
                  | Orb.
     0 | D:1      | Reached XP level 1. HP: 19/19 MP: 0/0
     3 | D:1      | Noticed a merfolk
     5 | D:1      | Noticed a barachi
     7 | D:1      | Noticed a demonspawn zombie
     9 | D:1      | Noticed a naga
    16 | D:1      | Noticed a vine stalker
    68 | D:1      | Reached skill level 3 in Axes
   109 | D:1      | Reached XP level 2. HP: 17/26 MP: 1/1
   318 | D:1      | Reached skill level 4 in Axes
   404 | D:1      | Reached XP level 3. HP: 31/31 MP: 2/2
  1346 | D:2      | Found a sparkling altar of Nemelex Xobeh.
  1371 | D:2      | Found a faded altar of an unknown god.
  1612 | D:2      | Found Sigir's Assorted Antiques.
  2192 | D:3      | Reached skill level 5 in Axes
  2205 | D:3      | Reached XP level 4. HP: 39/39 MP: 3/3
  2217 | D:3      | Reached skill level 6 in Axes
  2302 | D:3      | Reached XP level 5. HP: 45/45 MP: 4/4
  2453 | D:3      | Noticed a black bear
  2457 | D:3      | Killed a black bear
  2458 | D:3      | Reached skill level 7 in Axes
  2458 | D:3      | Reached XP level 6. HP: 47/51 MP: 5/5
  2743 | D:3      | Reached skill level 8 in Axes
  2929 | D:3      | Noticed Robin
  2934 | D:3      | Killed Robin
  3312 | D:4      | Found a burning altar of Makhleb.
  3312 | D:4      | Noticed a blizzard demon
  3367 | D:4      | Reached skill level 9 in Axes
  3662 | D:5      | Entered Level 5 of the Dungeon
  3796 | D:5      | Reached XP level 7. HP: 52/57 MP: 6/6
  3965 | D:5      | Found a staircase to the Ecumenical Temple.
  3991 | Temple   | Entered the Ecumenical Temple
  4011 | Temple   | Became a worshipper of Gozag Ym Sagoz the Greedy
  4292 | D:5      | Reached skill level 10 in Axes
  4562 | D:6      | Noticed a kobold demonologist
  4569 | D:6      | Noticed a rust devil
  4572 | D:6      | Noticed a hellwing
  4573 | D:6      | Killed a kobold demonologist
  4574 | D:6      | Reached skill level 11 in Axes
  4574 | D:6      | Reached XP level 8. HP: 55/64 MP: 7/7
  4585 | D:6      | Reached skill level 12 in Axes
  4757 | D:6      | Noticed a troll
  4762 | D:6      | Killed a troll
  4813 | D:6      | Reached skill level 13 in Axes
  4873 | D:6      | Noticed Pikel
  4890 | D:6      | Killed Pikel
  4891 | D:6      | Reached skill level 14 in Axes
  4891 | D:6      | Reached XP level 9. HP: 44/70 MP: 8/8
  5079 | D:6      | Found Sulew's Magic Scroll Shop.
  5117 | D:6      | Bought a scroll of teleportation for 45 gold pieces
  5117 | D:6      | Bought a scroll of identify for 30 gold pieces
  5117 | D:6      | Bought a scroll of magic mapping for 112 gold pieces
  5117 | D:6      | Bought a scroll of identify for 30 gold pieces
  5117 | D:6      | Bought a scroll of fear for 60 gold pieces
  5117 | D:6      | Bought a scroll of torment for 142 gold pieces
  5386 | D:7      | Reached skill level 15 in Axes
  5736 | D:7      | Noticed Joseph
  5750 | D:7      | HP: 3/70 [Joseph/+0 quarterstaff (14)]
  5756 | D:7      | Killed Joseph
  5757 | D:7      | Reached skill level 16 in Axes
  5834 | D:7      | Noticed a cyclops
  5836 | D:7      | Noticed a troll
  5838 | D:7      | Killed a cyclops
  5842 | D:7      | Reached skill level 5 in Fighting
  5842 | D:7      | Reached skill level 5 in Armour
  5842 | D:7      | Reached XP level 10. HP: 56/81 MP: 9/9
  5992 | D:7      | Found a runed translucent door.
  5993 | D:7      | Noticed Crazy Yiuf
  5999 | D:7      | Killed Crazy Yiuf
  6229 | D:7      | Reached skill level 5 in Shields
  6317 | D:8      | Found an iron altar of Okawaru.
  6707 | D:8      | Found a glowing silver altar of Zin.
  6713 | D:8      | Found a sacrificial altar of Ru.
  6719 | D:8      | Found a shadowy altar of Dithmenos.
  6722 | D:8      | Found a blossoming altar of Fedhas.
  6728 | D:8      | Found an ornate altar of the Wu Jian Council.
  6783 | D:8      | Noticed an eight-headed hydra
  6784 | D:8      | Noticed a salamander
  6787 | D:8      | Noticed a cyan ugly thing
  6805 | D:8      | a salamander changed into a queen bee
  6834 | D:9      | Noticed a glowing orange brain
  6835 | D:9      | Found a transporter.
  6835 | D:9      | Found a viscous altar of Jiyva.
  6918 | D:9      | Noticed a red ugly thing
  6927 | D:9      | Killed a red ugly thing
  7239 | D:9      | Found a transporter.
  7394 | D:10     | Entered Level 10 of the Dungeon
  7394 | D:10     | Noticed Maggie
  7394 | D:10     | Found a staircase to the Orcish Mines.
  7408 | D:10     | Killed Maggie
  8058 | D:11     | Noticed an elephant
  8058 | D:11     | Noticed Sonja
  8058 | D:11     | Noticed a two-headed ogre
  8071 | D:11     | HP: 3/87 [black bear (2)]
  8073 | D:11     | Slain by a black bear

Illustrated notes

Levels and vault maps discovered:
D:1:      shiori_arrival_whats_in_store_for_you, layout_loops_corners,
          chequers_serial_rivers_micro_a, minmay_pentomino_v4
D:2:      layout_basic, ebering_ecumenical_altar_hall, basic_altar,
          serial_shops, nicolae_shop_window_shopping, patterned_corridor
D:3:      layout_loops_ring, st_stairs_10, goddamned_bats, uniq_robin
D:4:      layout_cave_pools, makhleb_altar_promises_db
D:5:      layout_loops_ring, minmay_temple_entry_junction
D:6:      layout_basic, serial_shops, shop_scrolls, uniq_pikel
D:7:      minmay_cornered_nines, layout_loops_ring, uniq_joseph,
          uniq_crazy_yiuf_cottage
D:8:      minmay_blocky_corners, layout_cave_pools,
          nicolae_overflow_hallway_of_the_gods, okawaru_ov_weapons_minmay
D:9:      gammafunk_jiyva_shrine, layout_rooms
D:10:     layout_cave_pools, minmay_orc_entry_temple_small, uniq_maggie
D:11:     layout_rooms, david_lair_generic, uniq_sonja, uniq_maurice, uniq_urug
Temple:   hellmonk_temple_two_chambers

Skill      XL: |  1  2  3  4  5  6  7  8  9 10 |
---------------+-------------------------------+-----
Axes           | 3 4 5 6 7 9 11 14 16 | 16.0
Fighting       | 5 8 |  8.0
Armour         | 5 8 |  8.0
Shields        | 4 7 |  7.9

Action                   |  1- 3 |  4- 6 |  7- 9 | 10-12 || total
-------------------------+-------+-------+-------+-------++-------
Melee: War axe           |    95 |   149 |   219 |   203 ||   666
       Headbutt          |     8 |    13 |    44 |    29 ||    94
Evoke: Wand              |       |       |     2 |     6 ||     8
  Use: Potion            |       |     1 |     3 |     3 ||     7
       Scroll            |       |       |    17 |     8 ||    25
 Stab: Distracted        |       |       |       |     2 ||     2
Armor: Scale mail        |    52 |   101 |     7 |       ||   160
       Plate armour      |       |       |    72 |    75 ||   147
       Swamp dragon scal |       |       |       |    37 ||    37
Dodge: Dodged            |    66 |    59 |    46 |    60 ||   231
Block: Buckler           |    34 |    46 |    33 |    37 ||   150

Table legend: (Time is in decaauts)
 A = Elapsed time spent in this place.
 B = Non-inter-level travel time spent in this place.
 C = Inter-level travel time spent in this place.
 D = Time resting spent in this place.
 E = Time spent auto-exploring this place.
 F = Levels seen in this place.
 G = Mean time per level.
                   A        B        C        D        E       F      G
               +--------+--------+--------+--------+--------+-----+--------+
         Total |   8055 |   7725 |    330 |      0 |   5937 |  12 |  671.2 |
       Dungeon |   8030 |   7704 |    326 |      0 |   5927 |  11 |  730.0 |
        Temple |     24 |     20 |      4 |      0 |     10 |   1 |   24.0 |
               +--------+--------+--------+--------+--------+-----+--------+

Top non-repeatable levels by time:
     D:2: 1207 daAuts
     D:3: 1115 daAuts
     D:7: 939 daAuts
     D:1: 877 daAuts
     D:5: 796 daAuts
     D:6: 791 daAuts
    D:10: 641 daAuts
     D:9: 572 daAuts
     D:8: 551 daAuts
     D:4: 512 daAuts
    D:11: 25 daAuts
  Temple: 24 daAuts
